 Dungeon Crawl Stone Soup version 0.21.1-1-g345015f (webtiles) character file.

210 Raikon the Twirler (level 5, -5/30 HPs)
             Began as a Gargoyle Gladiator on June 1, 2018.
             Killed by divine providence
             ... invoked by an orc priest
              (14 damage)
             ... on level 4 of the Dungeon.
             The game lasted 00:08:00 (3636 turns).

Raikon the Twirler (Gargoyle Gladiator)             Turns: 3636, Time: 00:08:00

Health: -5/30      AC: 11    Str: 17    XL:     5   Next: 88%
Magic:  5/5        EV: 11    Int: 15    God:
Gold:   173        SH:  0    Dex: 12    Spells: 4/4 levels left

rFire    . . .     SeeInvis .   p - +0 whip (pain)
rCold    . . .     Gourm    .   (no shield)
rNeg     + . .     Faith    .   m - +0 ring mail
rPois    ∞         Spirit   .   c - +0 helmet
rElec    +         Reflect  .   (no cloak)
rCorr    .         Harm     .   (no gloves)
MR       .....                  j - +0 pair of boots
Stlth    +.........             (no amulet)
HPRegen  0.10/turn              k - +6 ring of intelligence
MPRegen  0.09/turn              (no ring)

@: hasted, very quick
A: negative energy resistance 1, electricity resistance, unbreathing,
petrification resistance, rot immunity, AC +4
a: no special abilities


You were on level 4 of the Dungeon.
You were not hungry.

You visited 1 branch of the dungeon, and saw 4 of its levels.

You collected 173 gold pieces.

Inventory:

Hand Weapons
 a - a +0 quarterstaff
 p - a +0 whip of pain (weapon)
Missiles
 d - 3 throwing nets (quivered)
Armour
 b - a +0 leather armour
 c - a +0 helmet (worn)
 j - a +0 pair of boots (worn)
 m - a +0 ring mail (worn)
Jewellery
 g - a +2 ring of intelligence
 k - a +6 ring of intelligence (left hand)
Wands
 q - a wand of scattershot (5)
Scrolls
 e - a scroll of fog
 i - a scroll of random uselessness
 l - 4 scrolls of identify
 o - 3 scrolls of remove curse
 r - 2 scrolls of enchant weapon {unknown}
 t - 3 scrolls of teleportation {unknown}
Potions
 n - a potion of heal wounds {unknown}
 s - a potion of agility {unknown}
 u - a potion of lignification {unknown}
Comestibles
 f - 7 rations
 v - 9 chunks of flesh


   Skills:
 - Level 2.1 Fighting
 + Level 3.3(4.7) Maces & Flails
 - Level 5.2(5.7) Staves
 - Level 1.7 Throwing
 - Level 2.4 Dodging


You had 4 spell levels left.
You didn't know any spells.

Dungeon Overview and Level Annotations

Branches:
Dungeon (4/15)
 Temple: D:4-7

Altars:
Hepliaklqana
Wu Jian


Innate Abilities, Weirdness & Mutations

You are resistant to torment.
Your stone body is resilient. (AC +4)
You are immune to poison.
You resist negative energy. (rN+)
You are resistant to electric shocks. (rElec)
You can survive without breathing.
You are immune to petrification.
You are immune to rotting.


Message History

You kill the orc!
The orc priest mumbles some strange prayers to Beogh against you.
Beogh smites you!
* * * LOW HITPOINT WARNING * * *
You take 10 damage, and have 9/30 hp.
MASSIVE DAMAGE!!
You are too injured to fight recklessly!
You are too injured to fight recklessly!
You are too injured to fight recklessly!
You feel yourself speed up. The orc hits you but does no damage.
You are too injured to fight recklessly!
You are too injured to fight recklessly!
You are too injured to fight recklessly!
You are too injured to fight recklessly!
You hit the orc.
The orc is heavily wounded.
You hit the orc.
You kill the orc!
The orc priest invokes the aid of Beogh against you.
Beogh smites you!
You die...

.........####.#.......#..##..#
...... #.#.......#......#
#.##.# #.#.......#.#.....#
#.##<# #.#.8...8.#........#
###....# #.#.......#.......##
....#### #..oo............##
##### ###o#...#####.#...
#)##.## #.###.# #@# .# #.# #.#
#.##.# #.# #.##.# ## #.# #.....
. # #.# ####.# #.# #.#
#.######.###.##
##########..............
#......))........#.##.##
#########.########...#...#....#


You could see an orc priest and 2 orcs.

Vanquished Creatures
  The ghost of emiel the Sneak, an amateur SpAK of Lugonu (D:3)
  An orc priest (D:2)
  2 adders
  3 worms
  A dart slug (D:2)
  2 leopard geckos
  14 orcs
  A giant cockroach (D:1)
  11 hobgoblins
  2 jackals (D:3)
  A quokka (D:3)
  6 bats
  7 frilled lizards
  5 goblins
  8 kobolds
  9 rats
74 creatures vanquished.

Notes
Turn   | Place    | Note
-------+----------+-------------------------------------------
     0 | D:1      | Raikon the Gargoyle Gladiator began the quest for the Orb.
     0 | D:1      | Reached XP level 1. HP: 12/12 MP: 1/1
    57 | D:1      | Reached XP level 2. HP: 16/17 MP: 2/2
   408 | D:1      | Reached skill level 4 in Staves
   584 | D:2      | Reached XP level 3. HP: 21/21 MP: 3/3
  1606 | D:2      | Reached XP level 4. HP: 21/26 MP: 4/4
  1615 | D:2      | Reached skill level 5 in Staves
  1617 | D:2      | Found an ornate altar of the Wu Jian Council.
  1988 | D:3      | Noticed emiel's ghost (amateur SpAK)
  2043 | D:3      | Killed emiel's ghost
  2043 | D:3      | Reached XP level 5. HP: 2/30 MP: 5/5
  2979 | D:3      | Found a hazy altar of Hepliaklqana.
  3636 | D:4      | Killed from afar by an orc priest

Skill      XL: |  1  2  3  4  5 |
---------------+----------------+-----
Staves         | 4 5 |  5.2
Maces & Flails | 2 3 |  3.3
Fighting       | |  2.1
Throwing       | |  1.7
Dodging        | |  2.4

Action                   |  1- 3 |  4- 6 || total
-------------------------+-------+-------++-------
Melee: Quarterstaff      |   106 |     8 ||   114
       Whip              |       |   229 ||   229
  Use: Scroll            |     5 |     3 ||     8
       Potion            |       |     1 ||     1
  Eat: Chunk             |     2 |     2 ||     4
       Ration            |       |     2 ||     2
Armor: Leather armour    |    49 |    78 ||   127
       Ring mail         |       |     8 ||     8
Dodge: Dodged            |    75 |   126 ||   201
